 Dungeon Crawl Stone Soup version 0.21.1-1-g345015f (webtiles) character file.

136 johnjohn the Caller (level 4, -1/24 HPs)
             Began as a Deep Elf Summoner on June 24, 2018.
             Slain by a river rat (9 damage)
             ... in a sewer.
             The game lasted 00:17:02 (3333 turns).

johnjohn the Caller (Deep Elf Summoner)             Turns: 3333, Time: 00:17:03

Health: -1/24      AC:  3    Str:  6    XL:     4   Next: 98%
Magic:  10/12      EV: 13    Int: 20    God:
Gold:   148        SH:  0    Dex: 15    Spells: 3/12 levels left

rFire    . . .     SeeInvis .   e - +3 dagger
rCold    . . .     Gourm    .   (no shield)
rNeg     . . .     Faith    .   a - +0 robe
rPois    .         Spirit   .   (no helmet)
rElec    .         Reflect  .   f - +0 cloak
rCorr    .         Harm     .   (no gloves)
MR       .....                  (no boots)
Stlth    +.........             (no amulet)
HPRegen  0.08/turn              (no ring)
MPRegen  0.13/turn              (no ring)

@: very slow
A: no striking features
a: no special abilities


You were in a sewer.
You were not hungry.

You visited 1 branch of the dungeon, and saw 3 of its levels.
You also visited: Sewer.

You collected 148 gold pieces.

Inventory:

Hand Weapons
 e - a +3 dagger (weapon)
Armour
 a - a +0 robe (worn)
 f - a +0 cloak (worn)
 o - a +0 leather armour
 p - a +0 scale mail
Jewellery
 d - a cursed ring of loudness {unknown}
Scrolls
 g - 4 scrolls of identify {unknown}
 i - a scroll of noise {unknown}
 j - 3 scrolls of enchant weapon {unknown}
 k - a scroll of enchant armour {unknown}
 m - a scroll of amnesia {unknown}
 n - a scroll of random uselessness {unknown}
 r - a scroll of blinking {unknown}
 s - a scroll of remove curse {unknown}
 u - a scroll of fear {unknown}
 v - a scroll of magic mapping {unknown}
Potions
 h - a potion of mutation {unknown}
 l - a potion of might {unknown}
 q - a potion of curing {unknown}
 t - 3 potions of lignification {unknown}
 x - a potion of heal wounds {unknown}
Books
 b - a book of Callings

   Spells                             Type                      Level
   a - Summon Small Mammal            Summoning                    1
   b - Call Imp                       Summoning                    2
   c - Call Canine Familiar           Summoning                    3
   d - Summon Guardian Golem          Hexes/Summoning              3
   e - Summon Lightning Spire         Summoning/Air                4
   f - Summon Ice Beast               Ice/Summoning                4
Comestibles
 c - 5 rations
 w - 3 chunks of flesh


   Skills:
 + Level 0.8 Fighting
 + Level 1.0 Short Blades
 - Level 2.7 Dodging
 + Level 3.5 Stealth
 * Level 4.5 Spellcasting
 * Level 5.3 Summonings


You had 3 spell levels left.
You knew the following spells:

 Your Spells              Type           Power        Failure   Level  Hunger
a - Summon Small Mammal   Summ           ####         1%          1    None
b - Call Imp              Summ           ####....     1%          2    #......
c - Call Canine Familiar  Summ           ####....     4%          3    ##.....
d - Summon Guardian Gole  Hex/Summ       ###.....     12%         3    ##.....


Dungeon Overview and Level Annotations

Branches:
Dungeon (3/15)

Altars:


Message History

The river rat is lightly wounded.
The river rat closely misses you.
Your unstable footing causes you to fumble your attack.
The river rat closely misses you.
You barely miss the river rat.
The river rat is lightly wounded.
The river rat barely misses you.
You hit the river rat but do no damage.
The river rat is lightly wounded.
The river rat bites you!
Casting: Call Imp
Confirm with . or Enter, or press ? or * to list all spells.
A beastly little devil appears in a puff of frigid air.
The river rat bites you.
You enter the shallow water.
Moving in this stuff is going to be slow.
The river rat bites you but does no damage.
Your white imp hits the river rat.
Your white imp freezes the river rat.
The river rat bites you!
You die...

##≈..≈.≈.## #≈≈
###..≈.≈5≈≈.####.
##≈≈≈≈.≈≈≈5.≈.≈###
#.≈≈≈.#####5≈..≈#
#.≈≈.## ##...≈#
#.≈.## ##≈≈≈#
#≈..# #≈≈.# #.≈≈#
#..≈# ##@.≈##
##.≈.## #≈r≈..#
#≈≈≈≈≈# #5###.#
#≈###≈# #.# #≈#
#÷# #≈# #≈###≈##
##≈###≈# #≈.≈#.≈≈#
#≈≈.#≈≈≈ #≈#≈#≈#≈#
#≈#≈#≈#≈ #≈ ≈#≈#≈#
#≈#≈#≈#≈ #≈ ≈#≈#≈#
#≈#≈#≈#≈


You could see a river rat and a friendly white imp.

Vanquished Creatures
  A gnoll (D:2)
  An adder (D:2)
  An ooze (D:1)
  A worm (D:3)
  A leopard gecko (D:3)
  5 giant cockroaches
  4 goblins (D:1)
  8 hobgoblins
  A jackal (D:1)
  5 kobolds
  A quokka (D:2)
  4 bats
  4 frilled lizards
  6 rats
43 creatures vanquished.

Vanquished Creatures (collateral kills)
  3 gnolls (D:2)
  5 adders
  An ooze (D:2)
  2 worms
  A dart slug (D:2)
  3 goblins
  2 hobgoblins (D:1)
  2 jackals (D:1)
  3 ball pythons (Sewer)
  2 bats
  2 frilled lizards
  3 kobolds
  3 rats
32 creatures vanquished.

Grand Total: 75 creatures vanquished

Notes
Turn   | Place    | Note
-------+----------+-------------------------------------------
     0 | D:1      | johnjohn the Deep Elf Summoner began the quest for the Orb.
     0 | D:1      | Reached XP level 1. HP: 10/10 MP: 6/6
   157 | D:1      | Reached XP level 2. HP: 14/15 MP: 8/8
   729 | D:1      | Reached XP level 3. HP: 19/19 MP: 10/10
  1201 | D:2      | Learned a level 2 spell: Call Imp
  1205 | D:2      | Learned a level 3 spell: Call Canine Familiar
  1533 | D:2      | Reached skill level 5 in Summonings
  1561 | D:2      | Reached XP level 4. HP: 24/24 MP: 12/12
  1601 | D:2      | Learned a level 3 spell: Summon Guardian Golem
  2833 | D:3      | Found a glowing drain.
  2958 | Sewer    | Entered a sewer
  3113 | Sewer    | Reached skill level 1 in Short Blades
  3333 | Sewer    | Slain by a river rat

Skill      XL: |  1  2  3  4 |
---------------+-------------+-----
Stealth        | 3 |  3.5
Spellcasting   | 4 |  4.5
Summonings     | 5 |  5.3
Short Blades   | 1 |  1.0
Fighting       | |  0.8
Dodging        | |  2.7

Action                   |  1- 3 |  4- 6 || total
-------------------------+-------+-------++-------
Melee: Dagger            |    74 |    81 ||   155
 Cast: Summon Small Mamm |    25 |     3 ||    28
       Call Imp          |     5 |     9 ||    14
       Call Canine Famil |       |     2 ||     2
       Summon Guardian G |       |     1 ||     1
 Stab: Distracted        |     2 |     1 ||     3
       Sleeping          |     2 |     2 ||     4
  Eat: Chunk             |     2 |     6 ||     8
Armor: Robe              |    15 |    25 ||    40
Dodge: Dodged            |    39 |    53 ||    92
